AoeStats
← かえで

Arabia

506841261Analyzed
4v4 RM · 17d ago on Sep 15, 2026· 23m 51s· 8 players
Game mode
Random Map
Map size
Large (8 player)
Population
200
Speed
Normal
Resources
Standard
Victory
Conquest
Starting age
Dark Age
Ending age
Imperial Age
RankedLock teamsTeams togetherTeam positionsShared explorationLock speedFull tech treeHidden civsTurbo modeCheats
Victory
Defeat
🇨🇳 Ethiopians · China
991
+12
🇷🇺 Franks · Russia
933
+15
🇨🇳 Celts · China
875
+17
🇨🇳 Magyars · China
874
+18
🇨🇳 Lithuanians · China
932
-17
🇹🇷 Magyars · Türkiye
910
-16
🇨🇳 Vietnamese · China
895
-15
🇹🇼 Persians · Taiwan
867
-14
413401132
10:07 Feudal Age
10:33 Horse Collar
10:39 Double-Bit Axe
10:47 Gold Mining
14:33 Loom
18:27 Castle Age
18:35 Wheelbarrow
17:58 Stone Mining
20:32 Stone Shaft Mining
20:00 Heavy Plow
20:30 Bow Saw
Börü 𐰋𐰇𐰼𐰇
0:41 Loom
13:01 Feudal Age
14:07 Double-Bit Axe
15:11 Wheelbarrow
22:34 Castle Age
Water
2:31 Loom
9:36 Feudal Age
10:13 Double-Bit Axe
14:52 Horse Collar
18:30 Castle Age
20:54 Husbandry
22:59 Forging
22:55 Scale Barding Armor
24:44 Wheelbarrow
zh56956
12:39 Feudal Age
13:05 Double-Bit Axe
13:03 Horse Collar
20:17 Castle Age
18:43 Gold Mining
dfgedthdth
12:30 Feudal Age
13:27 Horse Collar
14:46 Bloodlines
18:10 Scale Barding Armor
19:39 Double-Bit Axe
かえで
12:34 Feudal Age
21:33 Castle Age
21:26 Double-Bit Axe
23:06 Stone Mining
xxSlyxx
2:09 Loom
2:35 Loom
11:21 Feudal Age
12:30 Town Watch
13:04 Double-Bit Axe
18:04 Forging
19:00 Scale Barding Armor
23:47 Castle Age
22:28 Wheelbarrow
泥巴
5:28 Loom
11:38 Feudal Age
12:31 Double-Bit Axe
13:36 Horse Collar
14:10 Fletching
16:37 Padded Archer Armor
23:31 Castle Age
24:33 Forging
Connection lost

Rejoining the realm…

Still unreachable

The connection could not be restored.

Session expired

The server has moved on; the page needs a fresh start.